 Dungeon Crawl Stone Soup version 0.24-a0-736-g4e6fe308c7 (webtiles) character file.

Game seed: 11906123711741239827, levelgen mode: deterministic

88802 Froggeryz the Impaler (level 15, -5/129 HPs)
             Began as a Minotaur Abyssal Knight on Oct 2, 2019.
             Was the Champion of Lugonu.
             Slain by an alligator snapping turtle (22 damage)
             ... on level 2 of the Shoals.
             The game lasted 01:03:02 (29851 turns).

Froggeryz the Impaler (Minotaur Abyssal Knight)    Turns: 29851, Time: 01:03:02

Health: -5/129     AC: 13    Str: 20    XL:     15   Next: 47%
Magic:  20/20      EV:  9    Int: 10    God:    Lugonu [******]
Gold:   1498       SH:  0    Dex: 12    Spells: 16/20 levels left

rFire    + . .     SeeInvis .   J - +1 halberd (venom)
rCold    + . .     Gourm    .   (shield currently unavailable)
rNeg     . . .     Faith    .   l - +3 leather armour {rPois}
rPois    +         Spirit   .   (helmet restricted)
rElec    .         Reflect  .   E - scarf {rC+ rF+}
rCorr    .         Harm     .   Q - +0 pair of gloves
MR       +....                  O - +0 pair of boots
Stlth    +.........             H - amulet of regeneration
HPRegen  0.71/turn              f - +3 ring of protection
MPRegen  0.17/turn              S - +3 ring of slaying

@: held, hasted, very quick
A: retaliatory headbutt, horns 2
a: Depart the Abyss, Bend Space, Banish, Corrupt, Enter the Abyss, Brand Weapon
With Distortion, Renounce Religion


You were on level 2 of the Shoals.
You worshipped Lugonu.
Lugonu was exalted by your worship.
You were not hungry.

You visited 4 branches of the dungeon, and saw 25 of its levels.
You visited the Abyss 1 time.
You also visited: Sewer.

You collected 2183 gold pieces.
You spent 685 gold pieces at shops.

Inventory:

Hand Weapons
 b - the +6 glaive of Tumult {holy, rPois rC+}
   (You bought it in a shop on level 2 of the Orcish Mines)

   It has been blessed by the Shining One to cause great damage to the undead
   and demons.
   It protects you from cold.
   It protects you from poison.
 e - a +2 spear of flaming
 J - a +1 halberd of venom (weapon)
 X - a +2 bardiche of venom
Missiles
 w - 10 throwing nets
 R - 4 javelins (quivered)
Armour
 l - a +3 leather armour of poison resistance (worn)
 n - a +1 leather armour of cold resistance
 u - a +1 cloak
 E - a scarf of resistance (worn)
 O - a +0 pair of boots (worn)
 Q - a +0 pair of gloves (worn)
Jewellery
 f - a +3 ring of protection (left hand)
 p - a +3 ring of evasion {unknown}
 s - an uncursed ring of protection from fire
 v - an uncursed ring of positive energy
 H - an amulet of regeneration (around neck)
 M - an uncursed ring of see invisible
 S - a +3 ring of slaying (right hand)
Wands
 g - a wand of flame (28)
 m - a wand of clouds (4)
 C - a wand of iceblast (27)
 D - a wand of random effects (24)
 I - a wand of digging (9)
 L - a wand of paralysis (11)
Scrolls
 h - 3 scrolls of enchant armour
 k - 16 scrolls of remove curse
 o - 4 scrolls of teleportation
 x - a scroll of amnesia
 y - 2 scrolls of magic mapping
 F - 4 scrolls of enchant weapon
 G - 3 scrolls of identify
 V - a scroll of fog
Potions
 a - 2 potions of cancellation
 d - 3 potions of ambrosia
 i - 6 potions of might
 j - 3 potions of flight
 q - a potion of resistance
 r - 6 potions of curing
 z - 3 potions of magic
 B - 5 potions of brilliance
 K - 2 potions of lignification
 N - a potion of invisibility {unknown}
 P - 2 potions of haste
Miscellaneous
 t - a lamp of fire
 A - a fan of gales
Comestibles
 c - 47 rations


   Skills:
 - Level 11.0 Fighting
 - Level 20.0 Polearms
 - Level 4.4 Throwing
 - Level 10.1 Armour
 - Level 12.0 Dodging
 - Level 1.2 Stealth
 - Level 3.0 Spellcasting
 - Level 3.0 Charms
 + Level 0.7 Necromancy
 - Level 8.0 Invocations
 - Level 8.0 Evocations


You had 16 spell levels left.
You knew the following spells:

 Your Spells              Type           Power        Failure   Level  Hunger
a - Infusion              Chrm           #...         9%          1    #......
b - Regeneration          Chrm/Necr      #.........   41%         3    ###....

Your spell library contained the following spells:

 Spells                   Type           Power        Failure   Level  Hunger
 Song of Slaying          Chrm           #.......     14%         2    ###....
 Animate Skeleton         Necr           N/A          22%         1    #......
 Pain                     Necr           #...         22%         1    #......
 Shroud of Golubria       Chrm/Tloc      #.....       26%         2    ###....
 Confusing Touch          Hex            #.....       30%         1    #......
 Spectral Weapon          Hex/Chrm       #.......     45%         3    ###....
 Vampiric Draining        Necr           #.........   56%         3    ###....
 Confuse                  Hex            #.......     67%         3    ###....
 Gell's Gravitas          Tloc           #.........   67%         3    ###....
 Animate Dead             Necr           N/A          92%         4    #####..
 Petrify                  Tmut/Erth      #.......     97%         4    #####..
 Iskenderun's Battlesphe  Conj/Chrm      #.......     99%         5    ######.
 Bolt of Magma            Conj/Fire/Erth #.........   100%        5    ######.
 Metabolic Englaciation   Hex/Ice        #.........   100%        5    ######.
 Venom Bolt               Conj/Pois      #.........   100%        5    ######.
 Yara's Violent Unravell  Hex/Tmut       #.........   100%        5    ######.
 Iron Shot                Conj/Erth      #.........   100%        6    #######
 Poison Arrow             Conj/Pois      #.........   100%        6    #######
 Orb of Destruction       Conj           #.........   100%        7    #######
 Spellforged Servitor     Conj/Summ      #.........   100%        7    #######
 Chain Lightning          Conj/Air       #.........   100%        8    #######
 Lehudib's Crystal Spear  Conj/Erth      #.........   100%        8    #######
 Fire Storm               Conj/Fire      #.........   100%        9    #######
 Glaciate                 Conj/Ice       #.........   100%        9    #######


Dungeon Overview and Level Annotations

Branches:
Dungeon (15/15)            Temple (0/1) D:7            Lair (6/6) D:8
 Shoals (2/4) Lair:3        Snake (0/4) Lair:4        Slime (0/5) Lair:5
    Orc (2/2) D:10            Elf (0/3) Orc:2        Vaults (0/5) D:14
 Depths (0/5) D:15          Sewer (visited)

Altars:
Gozag
Kikubaaqudgha
Nemelex Xobeh
Ru
Trog
Yredelemnul
Zin
Beogh
Jiyva

Shops:
D:8 (   Orc:2 %([!   Shoals:1 [

Annotations:
Lair:1 exclusion: 2 oklob plants
Lair:4 1 runed translucent door, PeterQ's ghost, journeyman VSAs
Shoals:1 exclusion: 2 oklob plants


Innate Abilities, Weirdness & Mutations

You reflexively headbutt those who attack you in melee.
You have a pair of horns on your head.


Message History

Unknown command.
Okay, then.
Unknown command.
Okay, then.
Unknown command.
You feel yourself speed up.
Okay, then. 2 merfolk come into view.
The merfolk shouts!
A merfolk comes into view. It is wielding a +0 spear.
The merfolk throws a throwing net.
The throwing net hits you.
You become entangled in the net!
You see here a throwing net.
You struggle against the net.
The merfolk shouts!
Unknown command.
You struggle against the net.
The merfolk shouts!
The alligator snapping turtle bites you from afar!!
You die... ≈≈≈≈≈≈... .≈≈≈ ≈≈≈≈≈≈≈.. ##.≈≈≈ ≈≈≈≈≈≈≈..######.≈≈≈≈ ≈ ≈≈m$≈≈....##...≈≈≈≈ ≈≈ ≈≈≈≈≈≈ ##......# m≈m

≈≈≈≈≈.##((.....# ...≈
≈≈≈≈≈.<..).....# ..≈m≈
≈≈≈≈≈≈≈.≈......###...≈≈≈
≈≈≈≈≈≈≈≈≈≈≈≈≈.t.@...≈≈≈≈
≈≈≈≈≈≈≈≈≈≈≈≈≈≈≈≈..≈≈≈≈≈≈
≈≈≈≈≈≈≈≈≈≈≈≈≈≈≈≈≈≈≈≈≈≈≈≈
≈≈≈≈≈≈≈≈≈≈≈≈≈≈≈≈≈≈≈≈≈≈≈≈
≈≈≈≈≈≈≈≈≈≈≈≈≈≈≈≈≈≈≈≈≈≈≈≈
≈≈≈≈≈≈≈≈≈≈≈≈≈≈≈≈≈≈≈≈≈≈≈≈
≈≈≈≈≈≈≈≈≈≈≈≈≈≈≈≈≈
≈≈≈≈≈≈≈≈≈≈≈≈≈≈≈≈


You could see an alligator snapping turtle, a merfolk impaler (wandering) and 2
merfolk.

Vanquished Creatures
  An ironheart preserver (D:14)
  Azrael (D:14)
  5 dire elephants (Lair:6)
  A merfolk impaler (Lair:3)
  A yaktaur captain (D:15)
  Harold (D:7)
  11 hydras
  A rakshasa (D:15)
  3 centaur warriors
  An anaconda (Lair:6)
  5 death yaks
  2 tengu warriors (D:15)
  4 two-headed ogres
  4 orc high priests
  A wizard (D:14)
  3 sea snakes (Shoals:1)
  2 unseen horrors
  An orc knight (Orc:1)
  2 ugly things
  2 manticores
  A faun (Shoals:1)
  4 orc sorcerers
  2 cyclopes
  7 elephants
  3 water nymphs
  4 black mambas
  3 centaur zombies
  3 merfolk sirens
  Psyche (D:8)
  9 spiny frogs
  3 kobold demonologists (D:14)
  5 komodo dragons
  2 rime drakes
  An efreet (D:14)
  A yaktaur (D:15)
  A tengu conjurer (D:15)
  A wind drake (Shoals:1)
  5 merfolk
  A hornet (D:7)
  10 trolls
  3 polar bears
  Grinder (D:6)
  17 blink frogs
  9 hippogriffs
  9 slime creatures
  4 dream sheep (Lair:4)
  2 water elementals (Shoals:1)
  A shadow (D:15)
  A wraith (D:14)
  3 centaur simulacra (D:14)
  Eustachio (D:6)
  38 yaks
  6 wyverns
  3 basilisks
  A steam dragon (D:10)
  3 hungry ghosts
  A fire elemental (D:14)
  5 vampire mosquitoes
  Edmund (D:4)
  4 soldier ants
  2 wargs
  3 acid dragons
  17 water moccasins
  8 porcupines
  3 hell hounds (D:14)
  6 ice beasts
  A black bear (D:11)
  25 orc warriors
  3 phantoms
  7 sky beasts
  A necrophage (D:5)
  13 ogres
  16 wolves
  15 centaurs
  7 crocodiles
  5 big kobolds
  24 bullfrogs
  A gnoll sergeant (D:12)
  A wyvern skeleton (D:11)
  5 scorpions
  A hornet simulacrum (D:14)
  11 killer bees (D:8)
  2 electric eels
  8 wights
  5 howler monkeys
  8 crimson imps
  A quasit (D:12)
  A wyvern simulacrum (D:14)
  5 hounds
  4 jellies
  32 orc wizards
  30 orc priests
  Crazy Yiuf (D:3)
  A gnoll shaman (D:9)
  A bullfrog skeleton (D:5)
  3 centaur skeletons
  Jessica (D:3)
  4 iguanas
  2 hell rats (Lair:4)
  11 worker ants
  2 killer bee zombies
  A hound skeleton (D:5)
  A worker ant zombie (D:11)
  23 gnolls
  9 river rats
  19 adders
  4 shadow imps
  2 white imps (D:14)
  2 ufetubi
  6 oozes
  2 adder skeletons
  An adder zombie (D:10)
  5 worms
  5 dart slugs
  4 leopard geckos
  111 orcs
  6 ball pythons
  4 giant cockroaches
  10 goblins
  7 hobgoblins
  13 jackals
  7 quokkas
  8 bats
  6 frilled lizards
  18 kobolds
  A leopard gecko zombie (D:7)
  13 rats
  5 plants (Lair:6)
822 creatures vanquished.

Vanquished Creatures (others)
  An orc (Orc:2)
  24 fungi
  13 plants
38 creatures vanquished.

Grand Total: 860 creatures vanquished

Notes
Turn   | Place    | Note
-------+----------+-------------------------------------------
     0 | Abyss:1  | Froggeryz the Minotaur Abyssal Knight began the quest for
                  | the Orb.
     0 | Abyss:1  | Reached XP level 1. HP: 19/19 MP: 1/1
    47 | Abyss:1  | Noticed a small abomination
    56 | Abyss:1  | Noticed a thrashing horror
    56 | Abyss:1  | Noticed an ancient zyme
    58 | D:1      | Escaped the Abyss
   130 | D:1      | Reached * piety under Lugonu
   133 | D:1      | Reached skill level 3 in Polearms
   133 | D:1      | Reached XP level 2. HP: 26/27 MP: 2/2
   257 | D:1      | Reached XP level 3. HP: 33/33 MP: 3/3
   545 | D:1      | Reached skill level 4 in Polearms
   905 | D:2      | Reached ** piety under Lugonu
   983 | D:2      | Reached XP level 4. HP: 40/40 MP: 4/4
  1579 | D:2      | Reached skill level 5 in Polearms
  2024 | D:3      | Noticed Jessica
  2041 | D:3      | Killed Jessica
  2041 | D:3      | Reached XP level 5. HP: 28/46 MP: 5/5
  2196 | D:3      | Found a runed translucent door.
  2197 | D:3      | Noticed Crazy Yiuf
  2208 | D:3      | Killed Crazy Yiuf
  2208 | D:3      | Reached skill level 6 in Polearms
  2685 | D:4      | Noticed Edmund
  2973 | D:4      | Reached XP level 6. HP: 26/52 MP: 6/6
  3037 | D:4      | Reached *** piety under Lugonu
  3374 | D:4      | Reached skill level 7 in Polearms
  3594 | D:4      | Killed Edmund
  3594 | D:4      | Reached skill level 8 in Polearms
  3594 | D:4      | Reached XP level 7. HP: 32/59 MP: 7/7
  3903 | D:5      | Entered Level 5 of the Dungeon
  4424 | D:5      | Reached skill level 5 in Dodging
  4465 | D:5      | Reached skill level 9 in Polearms
  4874 | D:5      | Reached XP level 8. HP: 66/66 MP: 8/8
  4977 | D:5      | Found a sparkling altar of Nemelex Xobeh.
  5085 | D:5      | Reached skill level 10 in Polearms
  5417 | D:6      | Reached **** piety under Lugonu
  5583 | D:7      | Reached skill level 11 in Polearms
  5687 | D:6      | Noticed Grinder
  5715 | D:6      | Killed Grinder
  5715 | D:6      | Reached XP level 9. HP: 37/71 MP: 9/9
  5846 | D:6      | Reached skill level 12 in Polearms
  6008 | D:6      | Found a glowing drain.
  6015 | Sewer    | Entered a sewer
  6404 | D:6      | Noticed Eustachio
  6430 | D:6      | Killed Eustachio
  6636 | D:7      | Reached skill level 5 in Fighting
  6636 | D:7      | Reached skill level 13 in Polearms
  6717 | D:7      | Noticed Harold
  6970 | D:7      | Reached ***** piety under Lugonu
  7174 | D:7      | Reached XP level 10. HP: 57/83 MP: 10/10
  7411 | D:7      | Found a staircase to the Ecumenical Temple.
  7492 | D:7      | Killed Harold
  7492 | D:7      | Reached skill level 14 in Polearms
  7992 | D:8      | Found Piqegioc's Weapon Boutique.
  8035 | D:8      | Found a roughly hewn altar of Beogh.
  8380 | D:8      | Reached skill level 15 in Polearms
  8823 | D:8      | Found a staircase to the Lair.
  9109 | D:8      | Noticed Psyche
  9118 | D:8      | Killed Psyche
  9449 | D:8      | Reached XP level 11. HP: 78/92 MP: 13/13
  9465 | D:9      | Learned a level 1 spell: Infusion
  9530 | D:9      | Noticed a two-headed ogre
  9540 | D:9      | Killed a two-headed ogre
  9541 | D:9      | Noticed a two-headed ogre
  9548 | D:9      | Killed a two-headed ogre
  9548 | D:9      | Reached skill level 16 in Polearms
  9548 | D:9      | Reached skill level 5 in Invocations
  9996 | D:9      | Found a basalt altar of Yredelemnul.
 10123 | D:9      | Reached ****** piety under Lugonu
 10561 | D:10     | Entered Level 10 of the Dungeon
 10630 | D:10     | Reached skill level 1 in Spellcasting
 10641 | D:10     | Found a staircase to the Orcish Mines.
 10787 | D:10     | Found an opulent altar of Gozag.
 11343 | Lair:1   | Entered Level 1 of the Lair of Beasts
 11359 | Lair:1   | Noticed an oklob plant
 11359 | Lair:1   | Noticed an oklob plant
 12317 | Lair:1   | Noticed a five-headed hydra
 12340 | Lair:1   | Killed a five-headed hydra
 12616 | Lair:1   | Reached XP level 12. HP: 22/104 MP: 16/16
 13209 | Lair:2   | Reached skill level 1 in Charms
 13369 | Lair:2   | Noticed a five-headed hydra
 14080 | Lair:2   | Killed a five-headed hydra
 14137 | Lair:2   | Reached skill level 10 in Fighting
 14151 | Lair:2   | Reached skill level 1 in Evocations
 15116 | Lair:3   | Found a staircase to the Shoals.
 15605 | Lair:3   | Noticed a six-headed hydra
 15618 | Lair:3   | Killed a six-headed hydra
 16042 | Lair:3   | Noticed a four-headed hydra
 16052 | Lair:3   | Killed a four-headed hydra
 16348 | Lair:4   | Noticed a five-headed hydra
 16422 | Lair:4   | Reached skill level 5 in Armour
 16684 | Lair:4   | Killed a five-headed hydra
 16747 | Lair:4   | Noticed an eight-headed hydra
 16757 | Lair:4   | Killed an eight-headed hydra
 16759 | Lair:4   | Found a runed translucent door.
 16770 | Lair:4   | Noticed PeterQ's ghost (journeyman VSAs)
 16870 | Lair:4   | Reached skill level 5 in Evocations
 16875 | Lair:4   | Reached XP level 13. HP: 116/116 MP: 18/18
 17117 | Lair:4   | You fall into a shaft and drop 2 floors!
 17117 | Lair:6   | Entered Level 6 of the Lair of Beasts
 17639 | Lair:4   | Found a staircase to the Snake Pit.
 17913 | Lair:5   | Found a viscous altar of Jiyva.
 17914 | Lair:5   | Found a staircase to the Slime Pits.
 18352 | Lair:5   | Reached skill level 10 in Dodging
 19878 | Lair:6   | Got a thick robe
 19879 | Lair:6   | Identified the +2 robe of Lucidity {Dex+4} (You found it on
                  | level 6 of the Lair of Beasts)
 20476 | Lair:6   | Noticed a dire elephant
 20476 | Lair:6   | Noticed a dire elephant
 20487 | Lair:6   | Noticed a dire elephant
 20536 | Lair:6   | Killed a dire elephant
 20536 | Lair:6   | Reached XP level 14. HP: 78/124 MP: 19/19
 21174 | Orc:1    | Entered Level 1 of the Orcish Mines
 21177 | Orc:1    | Reached skill level 1 in Throwing
 22011 | Orc:2    | Entered Level 2 of the Orcish Mines
 22310 | Orc:2    | Reached skill level 10 in Armour
 22794 | Orc:2    | HP: 6/124 [orc wizard/magic dart (7)]
 23084 | Orc:2    | Found Paen Amm's Distillery.
 23084 | Orc:2    | Found Heita's Food Boutique.
 23084 | Orc:2    | Found Icey's Armour Shop.
 23089 | Orc:2    | Found Tommorch's Antique Weapon Boutique.
 23099 | Orc:2    | Bought a faintly glowing glaive for 391 gold pieces
 23099 | Orc:2    | Identified the +6 glaive of Tumult {holy, rPois rC+} (You
                  | bought it in a shop on level 2 of the Orcish Mines)
 23232 | Orc:2    | Found a staircase to the Elven Halls.
 24329 | D:12     | Reached skill level 17 in Polearms
 24330 | D:12     | Found a bloodstained altar of Trog.
 25202 | D:13     | Found an ancient bone altar of Kikubaaqudgha.
 25631 | D:14     | Found a sacrificial altar of Ru.
 25839 | D:14     | Noticed Azrael
 25852 | D:14     | Killed Azrael
 25852 | D:14     | Reached skill level 18 in Polearms
 26477 | D:14     | Found a gate to the Vaults.
 26477 | D:14     | Noticed an ironheart preserver
 26488 | D:14     | Killed an ironheart preserver
 26488 | D:14     | Reached XP level 15. HP: 111/129 MP: 20/20
 26811 | D:15     | Entered Level 15 of the Dungeon
 27025 | D:15     | Reached skill level 19 in Polearms
 27676 | D:15     | Found a staircase to the Depths.
 27925 | D:15     | Found a glowing silver altar of Zin.
 28263 | Shoals:1 | Entered Level 1 of the Shoals
 28420 | Shoals:1 | Found Wusavv Ylama's Antique Armour Shop.
 28429 | Shoals:1 | Bought an ancient chain mail for 294 gold pieces
 28430 | Shoals:1 | Identified the cursed +1 chain mail of the Flute {Str+4}
                  | (You bought it in a shop on level 1 of the Shoals)
 29064 | Shoals:1 | Reached skill level 20 in Polearms
 29617 | Shoals:1 | Reached skill level 1 in Stealth
 29789 | Shoals:1 | Learned a level 3 spell: Regeneration
 29851 | Shoals:2 | Slain by an alligator snapping turtle

Levels and vault maps discovered:
D:1:      minmay_arrival_cross, layout_loops_ring
D:2:      layout_basic, first_ration, minmay_tetromino_o4
D:3:      layout_rooms, uniq_jessica, uniq_crazy_yiuf_cottage
D:4:      layout_basic, uniq_edmund
D:5:      layout_rooms, nemelex_spade_bored_becter
D:6:      layout_cave_pools, gup_sewer_entry_bubbles, uniq_grinder,
          uniq_eustachio
D:7:      layout_loops_cross, minmay_temple_entry_statues_fountains, uniq_harold
D:8:      layout_basic, erik_lair_dragon, special_room [special_room_orc],
          serial_shops, kennysheep_mini_moat, uniq_psyche
D:9:      minmay_razor_zed, layout_rooms, yredelemnul_altar_generic
D:10:     layout_roguey, david_orc_2, basic_altar
D:11:     layout_cave_pods
D:12:     layout_irregular_city, blue_anna_alchemist [blue_anna_fruit_fields,
          blue_anna_fruit_fields], bloody_trog
D:13:     layout_cave_pools, basic_altar, minmay_misc_feat_tiny
D:14:     layout_irregular_city, skrybe_vaults_entry_preservation, serial_ice,
          serial_ice_e, serial_ice_f, serial_ice_d, serial_ice_o, serial_ice_h,
          serial_ice_c, nicolae_ru_awakened_eye, uniq_azrael
D:15:     grunt_enter_depths_snipers, layout_loops_ring, zin_angel
Lair:1:   layout_cave_pods, grunt_megastairs_5, minmay_lair_oklob_chamber,
          serial_bayou_shore_a, serial_bayou_shore_b
Lair:2:   layout_gridlike
Lair:3:   layout_long_grid, minmay_shoals_entry_lonely_mermaid
Lair:4:   layout_misc_corridors, guppyfry_snake_entry_island,
          ebering_ghost_reflecting_pool, kennysheep_rathole
Lair:5:   layout_layer_cave, slime_altar_1, cheibrodos_lair_caveside_slide,
          beast_lair_carwin_2
Lair:6:   due_jungle_book, layout_cave_pods
Shoals:1: layout_shoals, serial_shops, shop, nicolae_shoals_this_corrosion
Shoals:2: cheibrodos_shoals_baths, layout_shoals, nicolae_shoals_mertower
Orc:1:    layout_diamond_mine
Orc:2:    st_orc_mages, layout_caves

Skill      XL: |  1  2  3  4  5  6  7  8  9 10 11 12 13 14 15 |
---------------+----------------------------------------------+-----
Polearms       | 3 4 5 6 8 9 11 13 15 16 18 20 | 20.0
Fighting       | 4 6 7 9 11 | 11.0
Dodging        | 2 3 4 5 7 8 11 12 | 12.0
Invocations    | 4 7 8 |  8.0
Spellcasting   | 3 |  3.0
Charms         | 3 |  3.0
Evocations     | 5 7 8 |  8.0
Armour         | 6 9 10 | 10.1
Throwing       | 4 |  4.4
Stealth        | 1 |  1.2
Necromancy     | |  0.7

Action                   |  1- 3 |  4- 6 |  7- 9 | 10-12 | 13-15 || total
-------------------------+-------+-------+-------+-------+-------++-------
Melee: Spear             |   106 |   189 |   527 |   130 |    30 ||   982
       Headbutt          |    12 |    20 |    71 |   107 |   215 ||   425
       Halberd           |       |       |       |   584 |   673 ||  1257
       Glaive            |       |       |       |       |   554 ||   554
Throw: Boomerang         |       |     5 |     3 |     6 |       ||    14
       Javelin           |       |       |       |     5 |    10 ||    15
 Cast: Infusion          |       |       |       |     1 |       ||     1
Invok: Depart the Abyss  |     1 |       |       |       |       ||     1
Evoke: Wand              |       |     1 |     3 |    24 |     7 ||    35
  Use: Scroll            |     3 |       |     7 |    14 |    17 ||    41
       Potion            |       |     5 |       |     5 |    10 ||    20
 Stab: Confused          |       |       |       |     5 |       ||     5
       Distracted        |       |       |       |     1 |     1 ||     2
       Paralysed         |       |       |       |       |     5 ||     5
  Eat: Chunk             |       |     8 |    12 |    28 |    33 ||    81
       Ration            |       |       |       |     1 |     3 ||     4
Armor: Leather armour    |    18 |    22 |    45 |   126 |   258 ||   469
Dodge: Dodged            |    33 |    86 |   187 |   358 |   852 ||  1516

Table legend:
 A = Non-vault XP
 B = Vault XP
 C = Vault XP percentage of total XP
 D = Non-vault monster count
 E = Vault monster count
 F = Vault count percentage of total count
                 A         B        C        D         E       F
            +---------+---------+-------+---------+---------+-------
      Total |  101397 |   25464 |  20.1 |     641 |     176 |  21.5
            +---------+---------+-------+---------+---------+-------
        D:1 |      55 |       0 |   0.0 |      23 |       0 |   0.0
        D:2 |     110 |       7 |   6.0 |      30 |       4 |  11.8
        D:3 |     114 |      77 |  40.3 |      18 |       2 |  10.0
        D:4 |     486 |     166 |  25.5 |      25 |       1 |   3.8
        D:5 |     953 |       0 |   0.0 |      25 |       0 |   0.0
        D:6 |    1457 |     538 |  27.0 |      23 |      10 |  30.3
        D:7 |    2014 |    1013 |  33.5 |      39 |       1 |   2.5
        D:8 |    2143 |    1590 |  42.6 |      30 |      30 |  50.0
        D:9 |    2382 |     859 |  26.5 |      21 |       7 |  25.0
       D:10 |    4376 |     145 |   3.2 |      51 |       5 |   8.9
       D:11 |    3262 |       0 |   0.0 |      37 |       0 |   0.0
       D:12 |    4071 |      97 |   2.3 |      28 |       1 |   3.4
       D:13 |    2052 |     323 |  13.6 |      16 |       2 |  11.1
       D:14 |    7253 |    6991 |  49.1 |      38 |      26 |  40.6
       D:15 |    7847 |    2342 |  23.0 |      20 |       3 |  13.0
     Lair:1 |    3813 |     660 |  14.8 |      12 |       4 |  25.0
     Lair:2 |    5627 |       0 |   0.0 |      24 |       0 |   0.0
     Lair:3 |    6624 |     458 |   6.5 |      17 |       1 |   5.6
     Lair:4 |    7604 |     161 |   2.1 |      31 |      11 |  26.2
     Lair:5 |   10695 |     825 |   7.2 |      31 |       4 |  11.4
     Lair:6 |   14604 |    2894 |  16.5 |      29 |       5 |  14.7
   Shoals:1 |    6779 |     442 |   6.1 |      16 |       1 |   5.9
   Shoals:2 |     835 |       0 |   0.0 |       3 |       0 |   0.0
      Orc:1 |    2491 |     986 |  28.4 |      25 |       3 |  10.7
      Orc:2 |    3750 |    4602 |  55.1 |      29 |      34 |  54.0
      Sewer |       0 |     288 | 100.0 |       0 |      21 | 100.0
            +---------+---------+-------+---------+---------+-------
